 Dungeon Crawl Stone Soup version 0.29.1-2-gbd0b4ee654 (webtiles) character file.

Game seed: 15041688462913094764

15 Descartes the Ducker (level 2, 0/14 HPs)
             Began as a Felid Chaos Knight on Nov 29, 2022.
             Was a Plaything of Xom.
             Succumbed to a kobold's poison
             ... on level 2 of the Dungeon.
             The game lasted 00:01:06 (1443 turns).

Descartes the Ducker (Felid Chaos Knight)           Turns: 1443, Time: 00:01:07

Health: 0/14       AC:  1    Str:  8    XL:     2   Next: 34%
Magic:  3/3        EV: 18    Int: 13    God:    Xom [..*...]
Gold:   17         SH:  0    Dex: 15    Spells: 1/1 levels left
                                        Lives:  0   Deaths: 0

rFire   . . .      SeeInvis +     - Unarmed
rCold   . . .      Faith    .   (shield unavailable)
rNeg    . . .      Spirit   .   (body armour unavailable)
rPois   .          Reflect  .   (helmet unavailable)
rElec   .          Harm     .   (cloak unavailable)
rCorr   .          Rampage  .   (gloves unavailable)
Will    .....                   (boots unavailable)
Stlth   ++........              (no amulet)
HPRegen 0.04/turn               (no ring)
MPRegen 0.08/turn               (no ring)

@: lethally poisoned (0 -> -13), quick
A: very small, claws 1, fangs 3, see invisible, speed 1, shaggy fur 1, stealthy
paws, no weapons or thrown items, no armour, multi-lived
a: Renounce Religion


You were on level 2 of the Dungeon.
You worshipped Xom.
You were a toy of Xom.
You visited 1 branch of the dungeon, and saw 2 of its levels.

You collected 17 gold pieces.

Inventory:

Jewellery
 d - a ring of wizardry
Scrolls
 b - a scroll of torment {unknown}
 c - a scroll of vulnerability {unknown}
 f - a scroll of immolation {unknown}
 h - a scroll of magic mapping {unknown}
Potions
 e - 2 potions of might {unknown}
 g - a potion of berserk rage {unknown}
Miscellaneous
 a - a piece from Xom's chessboard (15/15) (quivered)


   Skills:
 + Level 3.1 Fighting
 + Level 3.4 Dodging
 + Level 1.1 Stealth
 * Level 3.3 Unarmed Combat


You had one spell level left.
You didn't know any spells.
Your spell library was empty.

Dungeon Overview and Level Annotations

Branches:
Dungeon (2/15)

Altars:


Innate Abilities, Weirdness & Mutations

You have sharp claws.
You have razor-sharp teeth.
You have supernaturally acute eyesight. (SInv)
You cover ground quickly. (Speed+)
You are covered in fur. (AC +1)
Your paws help you pounce on unaware monsters.
You are incapable of wielding weapons or throwing items.
You cannot wear armour.
You gain extra lives every three experience levels.


Message History

Xom smirks.
You feel momentarily disoriented.
Partly explored, can't reach some places.
Partly explored, can't reach some places.
You see here 5 poisoned darts.
There is a stone staircase leading down here.
You climb downwards.
There is a stone staircase leading up here.
A kobold is nearby!
The kobold shouts!
The kobold throws a stone.
The stone completely misses you.
The kobold hits you with a +2 dagger of venom.
You are poisoned.
You scratch the kobold.
The kobold is severely wounded.
You feel sick.
The kobold hits you with a +2 dagger of venom.
You are more poisoned.
You are too injured to fight recklessly!
You are too injured to fight recklessly!
You are too injured to fight recklessly!
You are too injured to fight recklessly!
You are too injured to fight recklessly!
You are too injured to fight recklessly!
You are too injured to fight recklessly!
You are too injured to fight recklessly!
You are too injured to fight recklessly!
You are too injured to fight recklessly!
You are too injured to fight recklessly!
You are too injured to fight recklessly!
You are too injured to fight recklessly!
You claw the kobold!
You kill the kobold!
* * * LOW HITPOINT WARNING * * *
You feel very sick.
Unknown command.
A goblin comes into view. It is wielding a +0 club.
Found a mace.
You die...
Xom cackles wildly!

.# .## # ..##
##.#.##### ...#
#.....<..# ..# ###
##.#.###.###.##....
#.###........#
#.......@.##...
#########.# .# .#
.# )# .# .g


You could see a goblin (wandering).

Vanquished Creatures
  A dart slug (D:1)
  An endoplasm (D:1)
  3 hobgoblins (D:1)
  A quokka (D:1)
  A frilled lizard (D:1)
  5 kobolds
12 creatures vanquished.

Notes
Turn   | Place    | Note
-------+----------+-------------------------------------------
     0 | D:1      | Descartes the Felid Chaos Knight began the quest for the
                  | Orb.
     0 | D:1      | Reached XP level 1. HP: 10/10 MP: 2/2
    51 | D:1      | Found a faded altar of an unknown god.
    60 | D:1      | XOM: silly message
   545 | D:1      | XOM: god gift: 4 atropa-tipped darts
   564 | D:1      | XOM: butterfly on damage
   567 | D:1      | XOM: butterfly on damage
   903 | D:1      | Reached XP level 2. HP: 14/14 MP: 3/3
  1179 | D:1      | Reached skill level 1 in Stealth
  1181 | D:1      | XOM: silly message
  1314 | D:1      | XOM is BORED!
  1314 | D:1      | XOM: noise
  1332 | D:1      | XOM: divination: magic mapping
  1443 | D:2      | Succumbed to a kobold's poison

Illustrated notes

Levels and vault maps discovered:
D:1:      heliophobic_arrival_glass_houses, layout_basic,
          shapermc_ecumenical_altar_gd, kennysheep_pointless_box
D:2:      layout_loops_corners

Skill      XL: |  1  2 |
---------------+-------+-----
Stealth        | 1 |  1.1
Fighting       | |  3.1
Dodging        | |  3.4
Unarmed Combat | |  3.3

Action                   || total
-------------------------++-------
Melee: Unarmed           ||    29
       Bite              ||     1
       Punch             ||     1
 Stab: Sleeping          ||     3
Armor: Skin              ||     1
Dodge: Dodged            ||    13
